 Dungeon Crawl Stone Soup version 0.27-a0-1555-g0e7b3fb1d2 (webtiles) character file.

Game seed: 4398994816728907221

56 bande the Shield-Bearer (level 3, -1/24 HPs)
             Began as a Gargoyle Fighter on July 14, 2021.
             Slain by a gnoll (7 damage)
             ... on level 2 of the Dungeon.
             The game lasted 00:02:45 (2480 turns).

bande the Shield-Bearer (Gargoyle Fighter)          Turns: 2480, Time: 00:02:46

Health: -1/24      AC: 10    Str: 16 (19) XL:     3   Next: 95%
Magic:  0/3        EV:  7    Int:  5 (8)  God:
Gold:   66         SH:  8    Dex:  8 (10) Spells: 3/3 levels left

rFire    . . .     SeeInvis .   a - +0 war axe
rCold    . . .     Faith    .   c - +0 kite shield
rNeg     + . .     Spirit   +   b - +0 scale mail
rPois    ∞         Reflect  .   (no helmet)
rElec    +         Harm     .   (no cloak)
rCorr    .         Rampage  .   (no gloves)
Will     .....                  (no boots)
Stlth    ..........             e - amulet of guardian spirit
HPRegen  0.08/turn              (no ring)
MPRegen  0.08/turn              (no ring)

@: mighty
A: sickness immunity, AC +3, negative energy resistance 1, electricity
resistance, torment resistance 1, petrification resistance
a: no special abilities


You were on level 2 of the Dungeon.
You visited 1 branch of the dungeon, and saw 3 of its levels.

You collected 66 gold pieces.

Inventory:

Hand Weapons
 a - a +0 war axe (weapon)
Armour
 b - a +0 scale mail (worn)
 c - a +0 kite shield (worn)
Jewellery
 e - an amulet of guardian spirit (around neck)
Scrolls
 h - a scroll of noise {unknown}
Potions
 d - a potion of might
 f - a potion of brilliance
 g - a potion of ambrosia {unknown}


   Skills:
 + Level 3.7 Fighting
 + Level 2.5 Axes
 + Level 3.5 Armour
 + Level 0.3 Dodging
 + Level 3.7 Shields
 * Level 0.6 Spellcasting


You had 3 spell levels left.
You didn't know any spells.
Your spell library was empty.

Dungeon Overview and Level Annotations

Branches:
Dungeon (3/15)

Altars:


Innate Abilities, Weirdness & Mutations

You are immune to sickness and miasma.
Your stone body is resilient. (AC +3)
You are immune to poison.
You resist negative energy. (rN+)
You are resistant to electric shocks. (rElec)
You are resistant to unholy torment.
You are immune to petrification.


Message History

Pain shoots through your body!
There is a stone staircase leading up here.
You block the jackal's attack. The jackal barely misses you.
You block the gnoll's attack. Grinder hits you.
You writhe in agony.
You climb upwards.
There is a stone staircase leading down here.
Unknown command.
You slash the jackal!
You kill the jackal!
You slash the gnoll! You barely miss Grinder. Grinder barely misses you.
You block the gnoll's attack.
Unknown command.
You closely miss the gnoll.
The gnoll is heavily wounded.
You barely miss Grinder. Grinder gestures at you.
You suddenly lose the ability to move!
The gnoll hits you but does no damage. Grinder hits you but does no damage.
The gnoll hits you with a +0 flail. Grinder gestures at you.
Pain shoots through your body! The gnoll hits you but does no damage.
Grinder hits you but does no damage. The gnoll completely misses you.
Grinder hits you but does no damage. The gnoll hits you but does no damage.
You can move again.
You hit the gnoll.
The gnoll is almost dead.
You hit Grinder. Grinder barely misses you. The gnoll hits you with a +0 flail.
Unknown command.
You feel very mighty all of a sudden.
Grinder blinks!
The gnoll barely misses you. The gnoll hits you with a +0 flail!
* * * LOW HITPOINT WARNING * * *
You hit the gnoll.
The gnoll is almost dead.
You block the gnoll's attack.
Grinder falls through a shaft!
The shaft crumbles and collapses.
The gnoll hits you but does no damage.
Unknown command.
You barely miss the gnoll.
The gnoll is almost dead.
The gnoll hits you with a +0 flail!
You die...

#.#.###.....####...
#..................
#...##......####...
#...##......# #...
#...##......####...
#..................
#...##.........####
#.g>...............
#.@.#....#..(......
#.°.#....#.#...#...
#..................
#...##.............
#..........#.......
#....#.....#.....##
######....#.....+.....'.
#...............#.....##
#...............+....###


You could see a gnoll.

Vanquished Creatures
  An adder (D:2)
  5 endoplasms
  A giant cockroach (D:1)
  4 goblins
  5 hobgoblins
  3 jackals (D:2)
  4 kobolds
  3 quokkas
  6 ball pythons
  A bat (D:1)
  3 frilled lizards (D:1)
  5 rats
41 creatures vanquished.

Vanquished Creatures (others)
  A plant (D:1)
1 creature vanquished.

Grand Total: 42 creatures vanquished

Notes
Turn   | Place    | Note
-------+----------+-------------------------------------------
     0 | D:1      | bande the Gargoyle Fighter began the quest for the Orb.
     0 | D:1      | Reached XP level 1. HP: 14/14 MP: 1/1
    45 | D:1      | Reached XP level 2. HP: 5/19 MP: 2/2
   306 | D:1      | Found a faded altar of an unknown god.
   805 | D:1      | Reached XP level 3. HP: 22/23 MP: 3/3
  2389 | D:3      | Noticed Grinder
  2472 | D:2      | Paralysed by Grinder for 4 turns
  2480 | D:2      | Slain by a gnoll

Illustrated notes

Levels and vault maps discovered:
D:1:      psy_arrival_terrarium, layout_basic, shapermc_ecumenical_altar_ellora
D:2:      layout_basic
D:3:      layout_rooms, mainiacjoe_overflow_alcove_1, serial_shops, shop,
          chequers_avenue, minmay_vboxes, uniq_grinder

Skill      XL: |  1  2 |
---------------+-------+-----
Axes           | 2 |  2.5
Fighting       | |  3.7
Armour         | |  3.5
Dodging        | |  0.3
Shields        | |  3.7
Spellcasting   | |  0.6

Action                   || total
-------------------------++-------
Melee: War axe           ||   147
  Use: Potion            ||     5
Armor: Scale mail        ||    84
Dodge: Dodged            ||    59
Block: Kite shield       ||    83

Table legend: (Time is in decaauts)
 A = Elapsed time spent in this place.
 B = Non-inter-level travel time spent in this place.
 C = Inter-level travel time spent in this place.
 D = Time resting spent in this place.
 E = Time spent auto-exploring this place.
 F = Levels seen in this place.
 G = Mean time per level.
                   A        B        C        D        E       F      G
               +--------+--------+--------+--------+--------+-----+--------+
         Total |   2587 |   2587 |      0 |    667 |   1485 |   3 |  862.3 |
       Dungeon |   2587 |   2587 |      0 |    667 |   1485 |   3 |  862.3 |
               +--------+--------+--------+--------+--------+-----+--------+

Top non-repeatable levels by time:
     D:2: 1321 daAuts
     D:1: 1256 daAuts
     D:3: 9 daAuts
